Sewer Rats vs Knights
(R1)
Created - June 13, 2020 at 22:15
Goals
|
Sewer Rats |
1 |
1 |
4 |
6 |
Knights |
1 |
1 |
2 |
4 |
|
Shots
|
Sewer Rats |
8 |
9 |
10 |
27 |
Knights |
12 |
11 |
6 |
29 |
|
1st period
1. Sewer Rats , Jonathan Marchessault 14 (Steven Kampfer 12, Mark Mancari 29) at 7:49
2. Knights , Jordan Martinook 4 (Ryan Strome 7, Tomas Kundratek 11) at 9:53
Penalties :
Joel Edmundson (Tol) for Tripping (Minor) at 12:08
2nd period
3. Sewer Rats , Jonathan Marchessault 15 (Mark Mancari 30, Joel Edmundson 7) at 1:32 (PP)
4. Knights , Nathan Walker 3 (Michael Matheson 6) at 7:22
Penalties :
Collin Miller (Lon) for Tripping (Minor) at 1:22, Stefan Elliott (Tol) for Holding (Minor) at 7:52, A.J. Jenks (Lon) for Tripping (Minor) at 12:31, Miro Aaltonen (Lon) for Tripping (Minor) at 17:57
3rd period
5. Sewer Rats , Steven Kampfer 6 (Tomas Tatar 25, Stefan Elliott 21) at 4:44 (PP)
6. Sewer Rats , Erik Condra 6 (Anthony Duclair 10) at 5:19
7. Knights , Nicolas Petan 4 (Nathan Walker 6, Fredrik Claesson 2) at 6:40
8. Knights , Jaccob Slavin 3 (Dwight King 17, Josh Bailey 23) at 7:50
9. Sewer Rats , Mark Mancari 22 (Joel Edmundson 8, Marek Mazanek) at 9:11 (SH)
10. Sewer Rats , Tomas Tatar 18 (Erik Condra 13) at 9:52 (SH)
Penalties :
Tomas Tatar (Tol) for Diving (Minor) at 1:41, Fredrik Claesson (Lon) for Hooking (Minor) at 4:29, Steven Kampfer (Tol) for Hooking (Minor) at 7:53, Fredrik Claesson (Lon) for Hooking (Minor) at 9:55, Magnus Hellberg (Lon) for Delaying the game (Minor) at 12:28 - Olli Maatta served the penalty, Joel Edmundson (Tol) for Holding Stick (Minor) at 14:50
Goalie Stats
Marek Mazanek (Tol), 25 saves from 29 shots - (0.862), W, 12-5-2, 60:00 minutes
Magnus Hellberg (Lon), 6 saves from 8 shots - (0.750), L, 3-6-0, 14:41 minutes
Elvis Merzlikins (Lon), 15 saves from 19 shots - (0.789), 45:19 minutes
Players Stats for Sewer Rats
Player Name G A P +/- PIM S H SB GA TA FO MP PP MP PK MP
------------------------------------------------------------------------------------
Anthony Duclair 0 1 1 -1 0 1 0 0 1 0 0/1 8:57 0:00 0:00
Connor Carrick 0 0 0 -2 0 1 0 1 1 0 0/0 14:12 0:00 3:11
Daniel Carr 0 0 0 0 0 1 2 1 0 0 0/1 17:28 3:42 1:27
Dmitrij Jaskin 0 0 0 0 0 0 1 0 0 0 0/1 6:15 0:00 0:00
Erik Condra 1 1 2 0 0 3 2 1 1 1 0/0 11:51 0:00 3:05
Jared McCann 0 0 0 -1 0 0 1 0 0 0 1/3 8:45 0:00 0:00
Joel Edmundson 0 2 2 3 4 0 3 0 0 0 0/0 17:23 3:11 2:20
John Ramage 0 0 0 3 0 0 0 1 0 0 0/0 19:18 3:11 4:03
Jonathan Marchessault 2 0 2 0 0 5 1 0 0 0 12/29 19:30 4:39 0:00
Joseph Blandisi 0 0 0 1 0 2 1 0 0 0 2/2 8:19 0:00 1:53
Luke Witkowski 0 0 0 -1 0 0 4 0 0 0 0/0 19:58 3:42 5:12
Mark Mancari 1 2 3 0 0 2 0 0 0 0 4/7 24:34 4:39 5:10
Nick Cousins 0 0 0 -1 0 1 2 0 0 0 10/14 15:56 3:42 0:42
Ryan Murphy 0 0 0 -2 0 0 0 0 0 0 0/0 10:55 0:00 0:00
Stefan Elliott 0 1 1 -1 2 3 4 1 1 2 0/0 28:36 5:10 4:35
Steven Kampfer 1 1 2 -1 2 2 1 6 2 2 0/0 24:55 5:10 4:40
Tomas Tatar 1 1 2 1 2 6 1 1 1 0 1/3 22:06 4:39 2:21
Tyler Motte 0 0 0 0 0 0 1 0 0 0 2/4 5:25 0:00 0:00
Xavier Ouellet 0 0 0 0 0 0 0 0 0 0 0/0 5:37 0:00 1:01
Players Stats for Knights
Player Name G A P +/- PIM S H SB GA TA FO MP PP MP PK MP
------------------------------------------------------------------------------------
A.J. Jenks 0 0 0 0 2 1 1 0 0 0 0/0 9:31 0:00 1:50
Brendan Gaunce 0 0 0 0 0 1 0 0 0 1 2/6 9:17 0:00 0:26
Collin Miller 0 0 0 -2 2 0 3 0 0 0 0/0 19:31 5:55 0:55
Dwight King 0 1 1 -3 0 4 4 0 0 1 4/6 23:34 4:54 4:12
Fredrik Claesson 0 1 1 2 4 0 0 0 0 1 0/0 8:40 0:00 0:00
Jaccob Slavin 1 0 1 -2 0 4 2 1 0 0 0/0 29:30 5:55 3:25
Jordan Martinook 1 0 1 1 0 1 2 2 0 0 1/2 17:21 0:00 4:13
Josh Bailey 0 1 1 -1 0 3 2 1 1 1 1/5 20:51 5:01 1:59
Linden Vey 0 0 0 -2 0 0 0 0 0 0 0/0 13:19 4:54 0:00
Michael Matheson 0 1 1 2 0 2 1 2 0 0 0/0 15:42 0:10 4:01
Miro Aaltonen 0 0 0 -3 2 3 2 0 1 0 13/22 18:52 4:54 0:00
Nathan Walker 1 1 2 2 0 2 0 0 0 0 0/0 6:57 0:00 0:00
Nicolas Petan 1 0 1 2 0 1 1 0 0 0 2/3 6:31 0:00 0:00
Nikolaj Ehlers 0 0 0 1 0 2 0 0 1 0 7/13 18:52 5:01 1:46
Olli Maatta 0 0 0 0 0 2 3 1 0 0 0/0 20:35 3:50 3:33
Ryan Strome 0 1 1 1 0 1 3 0 0 2 3/8 17:03 5:01 0:00
Tomas Kundratek 0 1 1 0 0 1 3 3 1 0 0/0 26:29 4:00 4:48
Vince Hinostroza 0 0 0 2 0 1 1 0 1 1 0/0 8:59 0:00 2:16
3 Stars
1 - Jonathan Marchessault (Tol)
2 - Mark Mancari (Tol)
3 - Erik Condra (Tol)
Power Play
Sewer Rats - 2 on 6 Attempt(s) - 33.33%
Knights - 0 on 5 Attempt(s) - 0.00%
Penalty Kill
Sewer Rats - 5 on 5 Attempt(s) - 100.00%
- Score 2 goal in Penalty Kill
Knights - 4 on 6 Attempt(s) - 66.67%
- Score 0 goal in Penalty Kill
Team Stat
Sewer Rats - Hits : 24 - Faceoff Wins : 32 - Blocked Shots : 12 - Penalty Minutes : 10
Knights - Hits : 28 - Faceoff Wins : 33 - Blocked Shots : 10 - Penalty Minutes : 12
Official
Referees : Unknown
Linesman : Unknown
Game Notes
Magnus Hellberg enters game at 5:19 of 3rd period
Finance
Level 1 -- Attendance: 2000 (100.00%) -- Ticket Income $80,000
Level 2 -- Attendance: 1000 (100.00%) -- Ticket Income $20,000
Total Attendance: 3000 (100.00%)
Total Ticket Income: $100,000
Other Income: $5,000
Total Income: $105,000
Sewer Rats
5 vs 5 Forward
Center Left Wing Right Wing Time % Phy DF OF
1 Jonathan Marchessault Tomas Tatar Mark Mancari 40 1 2 2
2 Nick Cousins Daniel Carr Luke Witkowski 30 1 2 2
3 Jared McCann Anthony Duclair Erik Condra 20 1 2 2
4 Tyler Motte Joseph Blandisi Dmitrij Jaskin 10 1 2 2
5 vs 5 Defense
Defense Defense Time % Phy DF OF
1 Stefan Elliott Steven Kampfer 40 1 2 2
2 Joel Edmundson John Ramage 30 1 2 2
3 Ryan Murphy Connor Carrick 20 1 2 2
4 Xavier Ouellet Stefan Elliott 10 1 2 2
PowerPlay Forward
Center Left Wing Right Wing Time % Phy DF OF
1 Jonathan Marchessault Tomas Tatar Mark Mancari 60 1 2 2
2 Nick Cousins Daniel Carr Luke Witkowski 40 1 2 2
PowerPlay Defense
Defense Defense Time % Phy DF OF
1 Stefan Elliott Steven Kampfer 60 1 2 2
2 Joel Edmundson John Ramage 40 1 2 2
Penalty Kill 4 Players Forward
Center Wing Time % Phy DF OF
1 Mark Mancari Luke Witkowski 60 1 2 2
2 Tomas Tatar Erik Condra 40 1 2 2
Penalty Kill 4 Players Defense
Defense Defense Time % Phy DF OF
1 Stefan Elliott Steven Kampfer 60 1 2 2
2 Joel Edmundson John Ramage 40 1 2 2
Penalty Kill - 3 Players Forward
Forward Time % Phy DF OF
1 Mark Mancari 60 1 2 2
2 Luke Witkowski 40 1 2 2
Penalty Kill - 3 Players Defense
Defense Defense Time % Phy DF OF
1 Stefan Elliott Steven Kampfer 60 1 2 2
2 Joel Edmundson John Ramage 40 1 2 2
4 vs 4 Forward
Center Wing Time % Phy DF OF
1 Mark Mancari Luke Witkowski 60 1 2 2
2 Tomas Tatar Erik Condra 40 1 2 2
4 vs 4 Defense
Defense Defense Time % Phy DF OF
1 Stefan Elliott Steven Kampfer 60 1 2 2
2 Joel Edmundson John Ramage 40 1 2 2
Last Minutes Offensive
Center Left Wing Right Wing Defense Defense
Jonathan Marchessault Tomas Tatar Mark Mancari Stefan Elliott Steven Kampfer
Last Minutes Defensive
Center Left Wing Right Wing Defense Defense
Jonathan Marchessault Tomas Tatar Mark Mancari Stefan Elliott Steven Kampfer
Goaltenders
Starting : Marek Mazanek
Backup : Darcy Kuemper
Extra Forwards
Normal : Dmitrij Jaskin, Anthony Duclair, Joseph Blandisi - PP : Dmitrij Jaskin, Anthony Duclair - PK : Joseph Blandisi
Extra Defensemen
Normal : Ryan Murphy, Connor Carrick, Xavier Ouellet - PP : Ryan Murphy - PK : Connor Carrick, Xavier Ouellet
Penalty Shots
Mark Mancari, Luke Witkowski, Tomas Tatar, Erik Condra, Daniel Carr
Scratches
Vincent Trocheck (Sore Left Knee Injury), Dominik Kubalik (Healthy), Josh Archibald (Healthy), Jarred Tinordi (Healthy), Jonathan Racine (Healthy)
Chris Calhan (Healthy), Mark Friedman (Healthy), Michael Dal Colle (Healthy), Matteson Iacopelli (Healthy), Sergei Kostenko (Healthy)
Antoine Bibeau (Healthy)
Knights
5 vs 5 Forward
Center Left Wing Right Wing Time % Phy DF OF
1 Miro Aaltonen Dwight King Josh Bailey 37 1 2 2
2 Nikolaj Ehlers Jordan Martinook Ryan Strome 33 1 2 2
3 Brendan Gaunce A.J. Jenks Linden Vey 20 1 2 2
4 Nicolas Petan Nathan Walker Vince Hinostroza 10 1 2 2
5 vs 5 Defense
Defense Defense Time % Phy DF OF
1 Jaccob Slavin Tomas Kundratek 40 1 3 1
2 Collin Miller Olli Maatta 30 1 3 1
3 Michael Matheson Fredrik Claesson 20 1 2 2
4 Michael Matheson Jaccob Slavin 10 1 2 2
PowerPlay Forward
Center Left Wing Right Wing Time % Phy DF OF
1 Ryan Strome Nikolaj Ehlers Josh Bailey 60 0 1 4
2 Miro Aaltonen Dwight King Linden Vey 40 0 1 4
PowerPlay Defense
Defense Defense Time % Phy DF OF
1 Collin Miller Jaccob Slavin 60 0 1 4
2 Olli Maatta Tomas Kundratek 40 0 1 4
Penalty Kill 4 Players Forward
Center Wing Time % Phy DF OF
1 Dwight King Jordan Martinook 60 1 3 1
2 A.J. Jenks Vince Hinostroza 40 1 3 1
Penalty Kill 4 Players Defense
Defense Defense Time % Phy DF OF
1 Tomas Kundratek Olli Maatta 60 1 3 1
2 Jaccob Slavin Michael Matheson 40 1 3 1
Penalty Kill - 3 Players Forward
Forward Time % Phy DF OF
1 A.J. Jenks 60 0 4 1
2 Vince Hinostroza 40 0 4 1
Penalty Kill - 3 Players Defense
Defense Defense Time % Phy DF OF
1 Jaccob Slavin Tomas Kundratek 60 1 3 1
2 Michael Matheson Olli Maatta 40 1 3 1
4 vs 4 Forward
Center Wing Time % Phy DF OF
1 Miro Aaltonen Josh Bailey 60 1 2 2
2 Ryan Strome Dwight King 40 1 2 2
4 vs 4 Defense
Defense Defense Time % Phy DF OF
1 Tomas Kundratek Jaccob Slavin 60 1 2 2
2 Michael Matheson Collin Miller 40 1 2 2
Last Minutes Offensive
Center Left Wing Right Wing Defense Defense
Miro Aaltonen Dwight King Josh Bailey Tomas Kundratek Jaccob Slavin
Last Minutes Defensive
Center Left Wing Right Wing Defense Defense
Ryan Strome Jordan Martinook Vince Hinostroza Jaccob Slavin Tomas Kundratek
Goaltenders
Starting : Elvis Merzlikins
Backup : Magnus Hellberg
Extra Forwards
Normal : Jordan Martinook, Linden Vey, Dwight King - PP : Linden Vey, Jordan Martinook - PK : Josh Bailey
Extra Defensemen
Normal : Tomas Kundratek, Michael Matheson, Collin Miller - PP : Michael Matheson - PK : Tomas Kundratek, Michael Matheson
Penalty Shots
Nathan Walker, Miro Aaltonen, Ryan Strome, Linden Vey, Dwight King
Scratches
Noel Acciari (Suspend), Zach Nastasiuk (Healthy), Nicklas Jensen (Healthy), Alan Quine (Healthy), David Shields (Healthy)
Matthew Benning (Healthy), Trevor Moore (Healthy), Scott Wilson (Healthy), Curtis Valk (Healthy), Anthony Louis (Healthy)
Ludwig Bystrom (Right Leg Injury), Travis Boyd (Healthy), Mackenzie MacEachern (Healthy), Valentin Zykov (Healthy), Jayce Hawryluk (Healthy)
Kevin Fiala (Healthy), Ryan Collins (Healthy), William Lagesson (Healthy), Eamon McAdam (Healthy), Philippe Desrosiers (Healthy)
Ville Husso (Healthy)
% Time on Ice - Sewer Rats
Lines # - Real PCT - Wanted PCT - Time Play
Normal Forward
1 - 39% - 40% - 16:20
2 - 27% - 30% - 11:14
3 - 21% - 20% - 8:45
4 - 13% - 10% - 5:25
Normal Defense
1 - 36% - 40% - 15:06
2 - 29% - 30% - 12:04
3 - 26% - 20% - 10:55
4 - 9% - 10% - 3:39
PP Forward
1 - 56% - 60% - 4:39
2 - 44% - 40% - 3:42
PP Defense
1 - 62% - 60% - 5:10
2 - 38% - 40% - 3:11
PK Forward
1 - 69% - 60% - 6:50
2 - 31% - 40% - 3:05
PK Defense
1 - 59% - 60% - 5:52
2 - 41% - 40% - 4:03
PK3 Forward
1 - 0% - 60%
2 - 0% - 40%
PK3 Defense
1 - 0% - 60%
2 - 0% - 40%
44 Forward
1 - 0% - 60%
2 - 0% - 40%
44 Defense
1 - 0% - 60%
2 - 0% - 40%
Last Minute Offensive - 0:00
Last Minute Defensive - 0:00
Total
Forward - 60:00
Defense - 60:00
|
% Time on Ice - Knights
Lines # - Real PCT - Wanted PCT - Time Play
Normal Forward
1 - 35% - 37% - 14:45
2 - 31% - 33% - 12:56
3 - 18% - 20% - 7:42
4 - 15% - 10% - 6:21
Normal Defense
1 - 42% - 40% - 17:44
2 - 31% - 30% - 12:57
3 - 20% - 20% - 8:24
4 - 6% - 10% - 2:39
PP Forward
1 - 51% - 60% - 5:01
2 - 49% - 40% - 4:54
PP Defense
1 - 60% - 60% - 5:55
2 - 40% - 40% - 4:00
PK Forward
1 - 73% - 60% - 6:05
2 - 27% - 40% - 2:16
PK Defense
1 - 59% - 60% - 4:56
2 - 41% - 40% - 3:25
PK3 Forward
1 - 0% - 60%
2 - 0% - 40%
PK3 Defense
1 - 0% - 60%
2 - 0% - 40%
44 Forward
1 - 0% - 60%
2 - 0% - 40%
44 Defense
1 - 0% - 60%
2 - 0% - 40%
Last Minute Offensive - 0:00
Last Minute Defensive - 0:00
Total
Forward - 60:00
Defense - 60:00
|
Play-by-Play
1st period
0:01 of 1st period - Jonathan Marchessault wins face-off versus Miro Aaltonen in neutral zone.
0:14 of 1st period - Slapshot by Tomas Tatar.
0:14 of 1st period - Shot Misses the Net.
0:26 of 1st period - Luke Witkowski is hit by Ryan Strome and loses puck.
0:44 of 1st period - Icing by Ryan Strome.
0:45 of 1st period - Jared McCann wins face-off versus Brendan Gaunce in Knights zone.
0:56 of 1st period - Slapshot by Ryan Murphy.
0:56 of 1st period - Shot Blocked by Jaccob Slavin.
1:41 of 1st period - Snap shot by Nikolaj Ehlers.
1:41 of 1st period - Stopped by Marek Mazanek with a rebound.
1:55 of 1st period - Snap shot by Josh Bailey.
1:55 of 1st period - Stopped by Marek Mazanek without a rebound.
1:56 of 1st period - Nick Cousins wins face-off versus Miro Aaltonen in Sewer Rats zone.
2:29 of 1st period - Slapshot by Dwight King.
2:29 of 1st period - Shot Blocked by Steven Kampfer.
2:31 of 1st period - Snap shot by Michael Matheson.
2:31 of 1st period - Stopped by Marek Mazanek with a rebound.
2:33 of 1st period - Snap shot by Miro Aaltonen.
2:33 of 1st period - Stopped by Marek Mazanek without a rebound.
2:34 of 1st period - Nikolaj Ehlers wins face-off versus Jared McCann in Sewer Rats zone.
2:39 of 1st period - Slapshot by Jordan Martinook.
2:39 of 1st period - Shot Misses the Net.
2:41 of 1st period - Snap shot by Jordan Martinook.
2:41 of 1st period - Shot Misses the Net.
2:43 of 1st period - Slapshot by Collin Miller.
2:43 of 1st period - Shot Blocked by John Ramage.
2:47 of 1st period - Wrist shot by Ryan Strome.
2:47 of 1st period - Stopped by Marek Mazanek without a rebound.
2:48 of 1st period - Jonathan Marchessault wins face-off versus Brendan Gaunce in Sewer Rats zone.
2:48 of 1st period - Jonathan Marchessault is hit by A.J. Jenks.
3:16 of 1st period - Wrist shot by Daniel Carr.
3:16 of 1st period - Shot Misses the Net.
4:01 of 1st period - Icing by Erik Condra.
4:02 of 1st period - Joseph Blandisi wins face-off versus Nicolas Petan in Sewer Rats zone.
4:07 of 1st period - Wrist shot by Dmitrij Jaskin.
4:07 of 1st period - Shot Misses the Net.
4:15 of 1st period - Wrist shot by Nathan Walker.
4:15 of 1st period - Shot Misses the Net.
4:17 of 1st period - Slapshot by Olli Maatta.
4:17 of 1st period - Stopped by Marek Mazanek with a rebound.
4:37 of 1st period - Snap shot by Jonathan Marchessault.
4:37 of 1st period - Stopped by Elvis Merzlikins without a rebound.
4:38 of 1st period - Nick Cousins wins face-off versus Nikolaj Ehlers in Knights zone.
5:05 of 1st period - Icing by John Ramage.
5:06 of 1st period - Jonathan Marchessault wins face-off versus Miro Aaltonen in Sewer Rats zone.
5:06 of 1st period - Jonathan Marchessault is hit by Miro Aaltonen.
5:33 of 1st period - Off-side.
5:34 of 1st period - Nick Cousins wins face-off versus Jordan Martinook in neutral zone.
5:44 of 1st period - Off-side.
5:45 of 1st period - Miro Aaltonen wins face-off versus Tomas Tatar in neutral zone.
5:57 of 1st period - Mark Mancari is hit by Miro Aaltonen and loses puck.
6:38 of 1st period - Wrist shot by Jaccob Slavin.
6:38 of 1st period - Stopped by Marek Mazanek without a rebound.
6:39 of 1st period - Miro Aaltonen wins face-off versus Jonathan Marchessault in Sewer Rats zone.
7:33 of 1st period - Wrist shot by Anthony Duclair.
7:33 of 1st period - Stopped by Elvis Merzlikins with a rebound.
7:35 of 1st period - Snap shot by Erik Condra.
7:35 of 1st period - Stopped by Elvis Merzlikins without a rebound.
7:36 of 1st period - Jonathan Marchessault wins face-off versus Miro Aaltonen in Knights zone.
7:39 of 1st period - Wrist shot by Jonathan Marchessault.
7:39 of 1st period - Shot Misses the Net.
7:41 of 1st period - Slapshot by Stefan Elliott.
7:41 of 1st period - Shot Misses the Net.
7:43 of 1st period - Slapshot by Stefan Elliott.
7:43 of 1st period - Stopped by Elvis Merzlikins with a rebound.
7:45 of 1st period - Slapshot by Stefan Elliott.
7:45 of 1st period - Deflect By Mark Mancari.
7:45 of 1st period - Stopped by Elvis Merzlikins with a rebound.
7:47 of 1st period - Snap shot by Steven Kampfer.
7:47 of 1st period - Stopped by Elvis Merzlikins with a rebound.
7:49 of 1st period - Wrist shot by Jonathan Marchessault.
7:49 of 1st period - Goal by Jonathan Marchessault - Sewer Rats : 1 - Knights : 0.
7:50 of 1st period - Nikolaj Ehlers wins face-off versus Jonathan Marchessault in neutral zone.
7:53 of 1st period - Stefan Elliott is hit by Collin Miller.
8:15 of 1st period - Daniel Carr is hit by Olli Maatta and loses puck.
8:24 of 1st period - Snap shot by Miro Aaltonen.
8:24 of 1st period - Stopped by Marek Mazanek with a rebound.
8:26 of 1st period - Wrist shot by Dwight King.
8:26 of 1st period - Shot Misses the Net.
8:28 of 1st period - Snap shot by Josh Bailey.
8:28 of 1st period - Stopped by Marek Mazanek without a rebound.
8:29 of 1st period - Brendan Gaunce wins face-off versus Jared McCann in Sewer Rats zone.
8:30 of 1st period - Wrist shot by Linden Vey.
8:30 of 1st period - Shot Misses the Net.
8:58 of 1st period - Off-side.
8:59 of 1st period - Jonathan Marchessault wins face-off versus Josh Bailey in neutral zone.
9:33 of 1st period - Wrist shot by Dwight King.
9:33 of 1st period - Shot Misses the Net.
9:35 of 1st period - Slapshot by Collin Miller.
9:35 of 1st period - Shot Misses the Net.
9:37 of 1st period - Wrist shot by Miro Aaltonen.
9:37 of 1st period - Shot Misses the Net.
9:39 of 1st period - Slapshot by Olli Maatta.
9:39 of 1st period - Stopped by Marek Mazanek without a rebound.
9:40 of 1st period - Nick Cousins wins face-off versus Nikolaj Ehlers in Sewer Rats zone.
9:53 of 1st period - Snap shot by Jordan Martinook.
9:53 of 1st period - Goal by Jordan Martinook - Sewer Rats : 1 - Knights : 1.
9:54 of 1st period - Nikolaj Ehlers wins face-off versus Tyler Motte in neutral zone.
10:14 of 1st period - Steven Kampfer is hit by Jordan Martinook and loses puck.
10:56 of 1st period - Erik Condra is hit by Nicolas Petan and loses puck.
12:08 of 1st period - Minor Penalty to Joel Edmundson for Tripping.
12:09 of 1st period - Ryan Strome wins face-off versus Mark Mancari in Sewer Rats zone.
12:12 of 1st period - Snap shot by Ryan Strome.
12:12 of 1st period - Shot Blocked by Steven Kampfer.
12:14 of 1st period - Slapshot by Collin Miller.
12:14 of 1st period - Shot Blocked by Steven Kampfer.
12:56 of 1st period - Snap shot by Tomas Tatar.
12:56 of 1st period - Shot Misses the Net.
14:08 of 1st period - Penalty to Joel Edmundson is over, Joel Edmundson is back on ice.
14:32 of 1st period - Tomas Kundratek is hit by Tyler Motte and loses puck.
14:39 of 1st period - Michael Matheson is hit by Joseph Blandisi and loses puck.
14:46 of 1st period - Ryan Murphy is hit by Olli Maatta.
15:08 of 1st period - Olli Maatta is hit by Daniel Carr.
15:51 of 1st period - Jaccob Slavin is hit by Stefan Elliott.
16:05 of 1st period - Wrist shot by Jonathan Marchessault.
16:05 of 1st period - Deflect By Tomas Tatar.
16:05 of 1st period - Stopped by Elvis Merzlikins without a rebound.
16:06 of 1st period - Jonathan Marchessault wins face-off versus Miro Aaltonen in Knights zone.
16:36 of 1st period - Nikolaj Ehlers is hit by Nick Cousins and loses puck.
17:13 of 1st period - John Ramage is hit by Collin Miller and loses puck.
18:22 of 1st period - Snap shot by Linden Vey.
18:22 of 1st period - Deflect By A.J. Jenks.
18:22 of 1st period - Shot Misses the Net.
18:22 of 1st period - Puck is out of play.
18:23 of 1st period - Miro Aaltonen wins face-off versus Jonathan Marchessault in Sewer Rats zone.
18:37 of 1st period - Snap shot by Miro Aaltonen.
18:37 of 1st period - Shot Blocked by Stefan Elliott.
18:39 of 1st period - Slapshot by Dwight King.
18:39 of 1st period - Stopped by Marek Mazanek with a rebound.
19:14 of 1st period - Snap shot by Tomas Tatar.
19:14 of 1st period - Shot Misses the Net.
19:16 of 1st period - Wrist shot by Ryan Murphy.
19:16 of 1st period - Shot Misses the Net.
19:18 of 1st period - Wrist shot by Ryan Murphy.
19:18 of 1st period - Shot Misses the Net.
19:20 of 1st period - Slapshot by Tomas Tatar.
19:20 of 1st period - Shot Misses the Net.
19:22 of 1st period - Slapshot by Tomas Tatar.
19:22 of 1st period - Deflect By Jonathan Marchessault.
19:22 of 1st period - Shot Blocked by Jordan Martinook.
19:22 of 1st period - Puck is out of play.
19:23 of 1st period - Miro Aaltonen wins face-off versus Nick Cousins in Knights zone.
19:50 of 1st period - Anthony Duclair is hit by Ryan Strome and loses puck.
Goals for this period are 1 for Sewer Rats vs 1 for Knights.
Shots for this period are 8 for Sewer Rats vs 12 for Knights.
2nd period
0:01 of 2nd period - Mark Mancari wins face-off versus Miro Aaltonen in neutral zone.
0:08 of 2nd period - Wrist shot by Tomas Tatar.
0:08 of 2nd period - Stopped by Elvis Merzlikins without a rebound.
0:09 of 2nd period - Jonathan Marchessault wins face-off versus Miro Aaltonen in Knights zone.
0:12 of 2nd period - Snap shot by Tomas Tatar.
0:12 of 2nd period - Stopped by Elvis Merzlikins without a rebound.
0:13 of 2nd period - Jonathan Marchessault wins face-off versus Ryan Strome in Knights zone.
0:16 of 2nd period - Snap shot by Tomas Tatar.
0:16 of 2nd period - Stopped by Elvis Merzlikins with a rebound.
0:23 of 2nd period - Off-side.
0:24 of 2nd period - Miro Aaltonen wins face-off versus Jonathan Marchessault in neutral zone.
1:22 of 2nd period - Minor Penalty to Collin Miller for Tripping.
1:23 of 2nd period - Dwight King wins face-off versus Jonathan Marchessault in Knights zone.
1:23 of 2nd period - Dwight King is hit by Joel Edmundson.
1:32 of 2nd period - Snap shot by Jonathan Marchessault.
1:32 of 2nd period - Goal by Jonathan Marchessault - Sewer Rats : 2 - Knights : 1.
1:33 of 2nd period - Josh Bailey wins face-off versus Jonathan Marchessault in neutral zone.
1:36 of 2nd period - Snap shot by Miro Aaltonen.
1:36 of 2nd period - Stopped by Marek Mazanek with a rebound.
2:48 of 2nd period - Wrist shot by Vince Hinostroza.
2:48 of 2nd period - Stopped by Marek Mazanek without a rebound.
2:49 of 2nd period - Miro Aaltonen wins face-off versus Jonathan Marchessault in Sewer Rats zone.
3:09 of 2nd period - Josh Bailey is hit by Jonathan Marchessault and loses puck.
3:46 of 2nd period - Snap shot by Anthony Duclair.
3:46 of 2nd period - Shot Misses the Net.
4:27 of 2nd period - Miro Aaltonen is hit by Stefan Elliott and loses puck.
4:40 of 2nd period - Michael Matheson is hit by Nick Cousins and loses puck.
4:47 of 2nd period - Fredrik Claesson is hit by Daniel Carr and loses puck.
4:54 of 2nd period - Steven Kampfer is hit by Ryan Strome and loses puck.
5:05 of 2nd period - Slapshot by Steven Kampfer.
5:05 of 2nd period - Shot Blocked by Michael Matheson.
5:11 of 2nd period - Snap shot by Michael Matheson.
5:11 of 2nd period - Shot Misses the Net.
5:13 of 2nd period - Snap shot by A.J. Jenks.
5:13 of 2nd period - Stopped by Marek Mazanek with a rebound.
5:15 of 2nd period - Wrist shot by Brendan Gaunce.
5:15 of 2nd period - Stopped by Marek Mazanek without a rebound.
5:16 of 2nd period - Miro Aaltonen wins face-off versus Jonathan Marchessault in Sewer Rats zone.
5:17 of 2nd period - Wrist shot by Dwight King.
5:17 of 2nd period - Deflect By Josh Bailey.
5:17 of 2nd period - Stopped by Marek Mazanek with a rebound.
5:41 of 2nd period - Nick Cousins is hit by Jordan Martinook and loses puck.
5:54 of 2nd period - Jordan Martinook is hit by Luke Witkowski.
6:48 of 2nd period - Tomas Tatar is hit by Josh Bailey.
7:09 of 2nd period - Linden Vey is hit by Luke Witkowski and loses puck.
7:22 of 2nd period - Snap shot by Nathan Walker.
7:22 of 2nd period - Goal by Nathan Walker - Sewer Rats : 2 - Knights : 2.
7:23 of 2nd period - Miro Aaltonen wins face-off versus Jonathan Marchessault in neutral zone.
7:35 of 2nd period - Snap shot by Dwight King.
7:35 of 2nd period - Stopped by Marek Mazanek without a rebound.
7:36 of 2nd period - Nikolaj Ehlers wins face-off versus Jonathan Marchessault in Sewer Rats zone.
7:52 of 2nd period - Minor Penalty to Stefan Elliott for Holding.
7:53 of 2nd period - Mark Mancari wins face-off versus Ryan Strome in Sewer Rats zone.
8:23 of 2nd period - Collin Miller is hit by Luke Witkowski and loses puck.
9:03 of 2nd period - Icing by Tomas Kundratek.
9:04 of 2nd period - Joseph Blandisi wins face-off versus Ryan Strome in Knights zone.
9:52 of 2nd period - Penalty to Stefan Elliott is over, Stefan Elliott is back on ice.
10:01 of 2nd period - Snap shot by Vince Hinostroza.
10:01 of 2nd period - Shot Blocked by Daniel Carr.
10:07 of 2nd period - Wrist shot by Nathan Walker.
10:07 of 2nd period - Shot Misses the Net.
11:07 of 2nd period - John Ramage is hit by Tomas Kundratek and loses puck.
11:36 of 2nd period - Jared McCann is hit by Olli Maatta and loses puck.
12:13 of 2nd period - Snap shot by Ryan Strome.
12:13 of 2nd period - Shot Misses the Net.
12:31 of 2nd period - Minor Penalty to A.J. Jenks for Tripping.
12:32 of 2nd period - Dwight King wins face-off versus Jonathan Marchessault in Knights zone.
12:43 of 2nd period - Slapshot by Stefan Elliott.
12:43 of 2nd period - Stopped by Elvis Merzlikins with a rebound.
13:08 of 2nd period - Michael Matheson is hit by Stefan Elliott and loses puck.
13:41 of 2nd period - Wrist shot by Luke Witkowski.
13:41 of 2nd period - Shot Blocked by Michael Matheson.
14:31 of 2nd period - Penalty to A.J. Jenks is over, A.J. Jenks is back on ice.
15:15 of 2nd period - Slapshot by Erik Condra.
15:15 of 2nd period - Shot Misses the Net.
15:40 of 2nd period - Icing by Stefan Elliott.
15:41 of 2nd period - Nicolas Petan wins face-off versus Anthony Duclair in Sewer Rats zone.
16:21 of 2nd period - Off-side.
16:22 of 2nd period - Nick Cousins wins face-off versus Dwight King in neutral zone.
16:25 of 2nd period - Slapshot by Stefan Elliott.
16:25 of 2nd period - Stopped by Elvis Merzlikins without a rebound.
16:26 of 2nd period - Miro Aaltonen wins face-off versus Nick Cousins in Knights zone.
16:44 of 2nd period - Icing by Tomas Kundratek.
16:45 of 2nd period - Miro Aaltonen wins face-off versus Jonathan Marchessault in Knights zone.
17:00 of 2nd period - Slapshot by Dwight King.
17:00 of 2nd period - Stopped by Marek Mazanek without a rebound.
17:01 of 2nd period - Nikolaj Ehlers wins face-off versus Nick Cousins in Sewer Rats zone.
17:12 of 2nd period - Snap shot by Nikolaj Ehlers.
17:12 of 2nd period - Stopped by Marek Mazanek with a rebound.
17:14 of 2nd period - Slapshot by Jaccob Slavin.
17:14 of 2nd period - Stopped by Marek Mazanek with a rebound.
17:26 of 2nd period - Jaccob Slavin is hit by Stefan Elliott and loses puck.
17:34 of 2nd period - Icing by Jaccob Slavin.
17:35 of 2nd period - Miro Aaltonen wins face-off versus Tomas Tatar in Knights zone.
17:35 of 2nd period - Miro Aaltonen is hit by Joel Edmundson.
17:45 of 2nd period - Wrist shot by Miro Aaltonen.
17:45 of 2nd period - Shot Misses the Net.
17:57 of 2nd period - Minor Penalty to Miro Aaltonen for Tripping.
17:58 of 2nd period - Tomas Tatar wins face-off versus Dwight King in Knights zone.
18:01 of 2nd period - Backhand shot by Jonathan Marchessault.
18:01 of 2nd period - Deflect By Tomas Tatar.
18:01 of 2nd period - Stopped by Elvis Merzlikins with a rebound.
18:03 of 2nd period - Snap shot by Jonathan Marchessault.
18:03 of 2nd period - Stopped by Elvis Merzlikins with a rebound.
19:24 of 2nd period - Snap shot by Jaccob Slavin.
19:24 of 2nd period - Shot Blocked by Steven Kampfer.
19:26 of 2nd period - Slapshot by Michael Matheson.
19:26 of 2nd period - Stopped by Marek Mazanek with a rebound.
19:28 of 2nd period - Snap shot by A.J. Jenks.
19:28 of 2nd period - Shot Misses the Net.
19:30 of 2nd period - Wrist shot by Vince Hinostroza.
19:30 of 2nd period - Shot Blocked by Steven Kampfer.
19:43 of 2nd period - Icing by Mark Mancari.
19:44 of 2nd period - Nick Cousins wins face-off versus Josh Bailey in Sewer Rats zone.
19:49 of 2nd period - Wrist shot by Daniel Carr.
19:49 of 2nd period - Deflect By Nick Cousins.
19:49 of 2nd period - Stopped by Elvis Merzlikins without a rebound.
19:50 of 2nd period - Nick Cousins wins face-off versus Josh Bailey in Knights zone.
19:57 of 2nd period - Penalty to Miro Aaltonen is over, Miro Aaltonen is back on ice.
Goals for this period are 1 for Sewer Rats vs 1 for Knights.
Shots for this period are 9 for Sewer Rats vs 11 for Knights.
3rd period
0:01 of 3rd period - Nick Cousins wins face-off versus Nikolaj Ehlers in neutral zone.
0:06 of 3rd period - Off-side.
0:07 of 3rd period - Nikolaj Ehlers wins face-off versus Nick Cousins in neutral zone.
0:07 of 3rd period - Ryan Strome is hit by Steven Kampfer and loses puck.
0:18 of 3rd period - Slapshot by Jordan Martinook.
0:18 of 3rd period - Shot Blocked by Steven Kampfer.
0:20 of 3rd period - Snap shot by Tomas Kundratek.
0:20 of 3rd period - Stopped by Marek Mazanek without a rebound.
0:21 of 3rd period - Jonathan Marchessault wins face-off versus Josh Bailey in Sewer Rats zone.
0:21 of 3rd period - Jonathan Marchessault is hit by Dwight King.
0:36 of 3rd period - Stefan Elliott is hit by Tomas Kundratek and loses puck.
1:12 of 3rd period - Joel Edmundson is hit by Jaccob Slavin.
1:19 of 3rd period - Off-side.
1:20 of 3rd period - Jonathan Marchessault wins face-off versus Nikolaj Ehlers in neutral zone.
1:41 of 3rd period - Minor Penalty to Tomas Tatar for Diving.
1:42 of 3rd period - Ryan Strome wins face-off versus Mark Mancari in Sewer Rats zone.
2:21 of 3rd period - Joseph Blandisi is hit by Dwight King and loses puck.
2:36 of 3rd period - Mark Mancari is hit by Josh Bailey and loses puck.
3:25 of 3rd period - Collin Miller is hit by Erik Condra and loses puck.
3:41 of 3rd period - Penalty to Tomas Tatar is over, Tomas Tatar is back on ice.
3:58 of 3rd period - Off-side.
3:59 of 3rd period - Nicolas Petan wins face-off versus Dmitrij Jaskin in neutral zone.
4:09 of 3rd period - Icing by Ryan Murphy.
4:10 of 3rd period - Tyler Motte wins face-off versus Nikolaj Ehlers in Sewer Rats zone.
4:29 of 3rd period - Minor Penalty to Fredrik Claesson for Hooking.
4:30 of 3rd period - Jordan Martinook wins face-off versus Jonathan Marchessault in Knights zone.
4:38 of 3rd period - Slapshot by Steven Kampfer.
4:38 of 3rd period - Shot Blocked by Olli Maatta.
4:40 of 3rd period - Slapshot by Tomas Tatar.
4:40 of 3rd period - Shot Blocked by Tomas Kundratek.
4:42 of 3rd period - Slapshot by Steven Kampfer.
4:42 of 3rd period - Shot Blocked by Tomas Kundratek.
4:44 of 3rd period - Slapshot by Steven Kampfer.
4:44 of 3rd period - Deflect By Dwight King.
4:44 of 3rd period - Goal by Steven Kampfer - Sewer Rats : 3 - Knights : 2.
4:45 of 3rd period - Miro Aaltonen wins face-off versus Jonathan Marchessault in neutral zone.
5:10 of 3rd period - Jaccob Slavin is hit by Jared McCann and loses puck.
5:19 of 3rd period - Snap shot by Erik Condra.
5:19 of 3rd period - Goal by Erik Condra - Sewer Rats : 4 - Knights : 2.
5:19 of 3rd period - Magnus Hellberg enters game.
5:20 of 3rd period - Nikolaj Ehlers wins face-off versus Daniel Carr in neutral zone.
6:12 of 3rd period - Snap shot by Daniel Carr.
6:12 of 3rd period - Stopped by Magnus Hellberg with a rebound.
6:32 of 3rd period - Wrist shot by Nathan Walker.
6:32 of 3rd period - Stopped by Marek Mazanek with a rebound.
6:38 of 3rd period - Slapshot by Nathan Walker.
6:38 of 3rd period - Shot Misses the Net.
6:40 of 3rd period - Backhand shot by Nicolas Petan.
6:40 of 3rd period - Goal by Nicolas Petan - Sewer Rats : 4 - Knights : 3.
6:41 of 3rd period - Jonathan Marchessault wins face-off versus Miro Aaltonen in neutral zone.
7:07 of 3rd period - Nick Cousins is hit by Collin Miller and loses puck.
7:12 of 3rd period - Wrist shot by Jaccob Slavin.
7:12 of 3rd period - Stopped by Marek Mazanek without a rebound.
7:13 of 3rd period - Nick Cousins wins face-off versus Nikolaj Ehlers in Sewer Rats zone.
7:48 of 3rd period - Slapshot by Dwight King.
7:48 of 3rd period - Shot Blocked by Tomas Tatar.
7:50 of 3rd period - Slapshot by Jaccob Slavin.
7:50 of 3rd period - Goal by Jaccob Slavin - Sewer Rats : 4 - Knights : 4.
7:51 of 3rd period - Jonathan Marchessault wins face-off versus Miro Aaltonen in neutral zone.
7:53 of 3rd period - Minor Penalty to Steven Kampfer for Hooking.
7:54 of 3rd period - Mark Mancari wins face-off versus Ryan Strome in Sewer Rats zone.
8:00 of 3rd period - Wrist shot by Luke Witkowski.
8:00 of 3rd period - Shot Blocked by Josh Bailey.
9:11 of 3rd period - Snap shot by Mark Mancari.
9:11 of 3rd period - Goal by Mark Mancari - Sewer Rats : 5 - Knights : 4.
9:12 of 3rd period - Ryan Strome wins face-off versus Mark Mancari in neutral zone.
9:39 of 3rd period - Linden Vey is hit by Erik Condra and loses puck.
9:52 of 3rd period - Snap shot by Tomas Tatar.
9:52 of 3rd period - Goal by Tomas Tatar - Sewer Rats : 6 - Knights : 4.
9:53 of 3rd period - Penalty to Steven Kampfer is over, Steven Kampfer is back on ice.
9:53 of 3rd period - Miro Aaltonen wins face-off versus Jonathan Marchessault in neutral zone.
9:55 of 3rd period - Minor Penalty to Fredrik Claesson for Hooking.
9:56 of 3rd period - Dwight King wins face-off versus Jonathan Marchessault in Knights zone.
10:04 of 3rd period - Snap shot by Jonathan Marchessault.
10:04 of 3rd period - Stopped by Magnus Hellberg with a rebound.
11:55 of 3rd period - Penalty to Fredrik Claesson is over, Fredrik Claesson is back on ice.
12:12 of 3rd period - Wrist shot by Dwight King.
12:12 of 3rd period - Stopped by Marek Mazanek without a rebound.
12:13 of 3rd period - Brendan Gaunce wins face-off versus Tyler Motte in Sewer Rats zone.
12:28 of 3rd period - Snap shot by Joseph Blandisi.
12:28 of 3rd period - Stopped by Magnus Hellberg without a rebound.
12:28 of 3rd period - Minor Penalty to Magnus Hellberg for Delaying the game.
12:29 of 3rd period - Dwight King wins face-off versus Jonathan Marchessault in Knights zone.
12:44 of 3rd period - Slapshot by Steven Kampfer.
12:44 of 3rd period - Shot Blocked by Jordan Martinook.
13:00 of 3rd period - Daniel Carr is hit by Tomas Kundratek and loses puck.
13:49 of 3rd period - Luke Witkowski is hit by Michael Matheson and loses puck.
14:06 of 3rd period - Tomas Tatar is hit by Jaccob Slavin.
14:10 of 3rd period - Stefan Elliott is hit by Vince Hinostroza and loses puck.
14:28 of 3rd period - Penalty to Olli Maatta is over, Olli Maatta is back on ice.
14:39 of 3rd period - Wrist shot by Joseph Blandisi.
14:39 of 3rd period - Stopped by Magnus Hellberg without a rebound.
14:40 of 3rd period - Tyler Motte wins face-off versus Brendan Gaunce in Knights zone.
14:45 of 3rd period - Snap shot by Joseph Blandisi.
14:45 of 3rd period - Shot Blocked by Tomas Kundratek.
14:47 of 3rd period - Slapshot by Connor Carrick.
14:47 of 3rd period - Deflect By Jaccob Slavin.
14:47 of 3rd period - Stopped by Magnus Hellberg without a rebound.
14:48 of 3rd period - Nick Cousins wins face-off versus Brendan Gaunce in Knights zone.
14:50 of 3rd period - Minor Penalty to Joel Edmundson for Holding Stick.
14:51 of 3rd period - Mark Mancari wins face-off versus Ryan Strome in Sewer Rats zone.
14:56 of 3rd period - Ryan Strome is hit by Luke Witkowski and loses puck.
15:47 of 3rd period - Slapshot by Jaccob Slavin.
15:47 of 3rd period - Shot Blocked by Erik Condra.
15:49 of 3rd period - Slapshot by Collin Miller.
15:49 of 3rd period - Shot Blocked by Connor Carrick.
16:45 of 3rd period - John Ramage is hit by Dwight King and loses puck.
16:50 of 3rd period - Penalty to Joel Edmundson is over, Joel Edmundson is back on ice.
17:02 of 3rd period - Nathan Walker is hit by Joel Edmundson and loses puck.
17:55 of 3rd period - Snap shot by Joseph Blandisi.
17:55 of 3rd period - Shot Misses the Net.
18:07 of 3rd period - Dwight King is hit by Dmitrij Jaskin and loses puck.
18:28 of 3rd period - Wrist shot by Tomas Tatar.
18:28 of 3rd period - Shot Misses the Net.
18:44 of 3rd period - Snap shot by Erik Condra.
18:44 of 3rd period - Stopped by Magnus Hellberg with a rebound.
18:58 of 3rd period - Tomas Kundratek is hit by Tomas Tatar and loses puck.
19:11 of 3rd period - Slapshot by Stefan Elliott.
19:11 of 3rd period - Shot Misses the Net.
19:39 of 3rd period - Dmitrij Jaskin is hit by Dwight King and loses puck.
Goals for this period are 4 for Sewer Rats vs 2 for Knights.
Shots for this period are 10 for Sewer Rats vs 6 for Knights.
Back to the Top